 Dungeon Crawl Stone Soup version 0.29.0-11-gd7f09526c8 (webtiles) character file.

Game seed: 11313878692584549760

11 ragingrage the Sneak (level 2, 0/24 HPs)
             Began as a Human Delver on Sept 6, 2022.
             Slain by a shadow imp (3 damage)
             ... on level 6 of the Dungeon.
             The game lasted 00:01:01 (497 turns).

ragingrage the Sneak (Human Delver)                  Turns: 497, Time: 00:01:01

Health: 0/24       AC:  3    Str: 12    XL:     2   Next: 35%
Magic:  2/2        EV: 12    Int: 10    God:
Gold:   28         SH:  0    Dex: 14    Spells: 1/1 levels left

rFire   . . .      SeeInvis .   a - +0 hand axe
rCold   . . .      Faith    .   (no shield)
rNeg    . . .      Spirit   .   b - +0 leather armour
rPois   .          Reflect  .   (no helmet)
rElec   .          Harm     .   (no cloak)
rCorr   .          Rampage  .   (no gloves)
Will    .....                   (no boots)
Stlth   +++.......              (no amulet)
HPRegen 0.08/turn               (no ring)
MPRegen 0.08/turn               (no ring)

@: hasted, very quick
A: no striking features
a: no special abilities


You were on level 6 of the Dungeon.
You visited 1 branch of the dungeon, and saw 2 of its levels.

You collected 28 gold pieces.

Inventory:

Hand Weapons
 a - a +0 hand axe (weapon)
Armour
 b - a +0 leather armour (worn)
Wands
 g - a wand of digging (3)
Scrolls
 c - a scroll of fog
 d - a scroll of magic mapping
 e - a scroll of fear


   Skills:
 - Level 3.1 Fighting
 + Level 2.3 Axes
 - Level 2.2 Dodging
 - Level 5.1 Stealth


You had one spell level left.
You didn't know any spells.
Your spell library was empty.

Dungeon Overview and Level Annotations

Branches:
Dungeon (6/15)
 Temple: D:4-7

Altars:
Elyvilon
Trog

Annotations:
D:5 exclusion: 2 orc wizards


Message History

There is a fountain of clear blue water here.
There is a white marble altar of Elyvilon here.
There is a fountain of clear blue water here.
There is a stone staircase leading down here.
You climb downwards.
There is a stone staircase leading up here.
Unknown command.
A shadow imp comes into view.
Found the +18 shield of the Gong {rElec rN+ Will+ EV-5}.
What are your orders? t - Shout!
Orders for allies: a - Attack new target. r - Retreat! s - Stop attacking. g - Guard the area. f - Follow me.
Anything else - Cancel.
You shout for attention!
You hear a shout!
You hear an angry hiss.
You hear a shout! x3
You start waiting.
An orc comes into view. It is wielding a +0 flail.
You hit the orc but do no damage. The orc hits you with a +0 flail!
You hit the orc.
The orc is moderately wounded.
The orc hits you with a +0 flail.
You hit the orc.
You kill the orc!
You swing at nothing.
You start resting.
An orc comes into view. It is wielding a +0 falchion.
An orc comes into view. It is wielding a +0 short sword.
The shadow imp shouts, "Scamper hence, thou wayward unchin-snouted death-token!"
An orc wizard comes into view. It is wielding a +0 dagger.
The shadow imp closely misses you.
Okay, then.
You feel yourself speed up. The shadow imp gestures at you.
Pain shoots through your body!
Ouch! That really hurt!
* * * LOW HITPOINT WARNING * * *
Found 16 gold pieces.
The shadow imp hits you.
You die...

.##$......#
.#.......#
........# .
#.......# .
##.......#
#.##........######
#.#......##.##...
#.....5@.o..##.##
###.........o...#
##.[o#######..#
##.## #.<#
#.########..#
#...o....)..#
###########.# ..#
###


You could see an orc wizard (wandering), a shadow imp and 2 orcs.

Vanquished Creatures
  An adder (D:6)
  An orc (D:6)
2 creatures vanquished.

Notes
Turn   | Place    | Note
-------+----------+-------------------------------------------
     0 | D:5      | ragingrage the Human Delver began the quest for the Orb.
     0 | D:5      | Reached XP level 1. HP: 18/18 MP: 1/1
    28 | D:5      | Found a white marble altar of Elyvilon.
    62 | D:5      | Found a bloodstained altar of Trog.
   105 | D:6      | Reached XP level 2. HP: 16/24 MP: 2/2
   456 | D:6      | Found the +18 shield of the Gong {rElec rN+ Will+ EV-5}
   497 | D:6      | Slain by a shadow imp

Illustrated notes

Levels and vault maps discovered:
D:5:      layout_basic, elyvilon_altar_1, trog_three_pillars_becter
D:6:      minmay_razor_zed, layout_loops_ring, chequers_serial_rivers_room_a

Action                   || total
-------------------------++-------
Melee: Hand axe          ||     6
  Use: Potion            ||     1
 Stab: Sleeping          ||     1
Dodge: Dodged            ||     3
